Map: Thunderbird LE

Players

tetec

  • Race: Protoss Protoss
  • League: Diamond
  • Spawn Location: 5:00

pHARM - Winner!

  • Race: Zerg Zerg
  • League: Platinum
  • Spawn Location: 11:00

VOD

Have the link to the VOD?

Description

Time

  • Played on: Aug. 25, 2019, 4:29 p.m.
  • Length: 5:32
Show
View Real Time Build Order
Export as new Build Order

tetec Protoss 

Build Orders:  

Get SALT Encoding   

  12  0:03  Probe  
  13  0:15  Probe  
  14  0:23  Pylon  
  14  0:29  Probe  
  15  0:41  Probe  
  16  0:45  Gateway  
  16  0:53  Probe  
  16  0:56  Assimilator  
  17  0:58  Assimilator  
  17  1:05  Probe  
  18  1:22  Probe  
  19  1:32  Cybernetics Core  
  19  1:49  Nexus  
  19  1:53  Probe  
  19  2:01  Probe  
  20  2:08  Warp Gate  
  21  2:10  Probe  
  22  2:31  Gateway  
  22  2:46  Pylon  
  22  2:56  Pylon  
  22  2:58  Stalker  
  24  3:07  Probe x2  
  24  3:12  Zealot  
  26  3:19  Probe  
  28  3:20  Probe  
  28  3:21  Zealot  
  30  3:30  Twilight Council  
  32  3:47  Probe  
  32  3:51  Probe  
  34  3:55  Probe  
  34  3:57  Pylon  
  35  4:03  Probe  
  35  4:05  Probe  
  35  4:08  Templar Archives  
  37  4:15  Probe  
  38  4:17  Probe  
  38  4:23  Shield Battery  
  39  4:27  Shield Battery  
  39  4:29  Sentry x2  
  43  4:31  Probe x2  
  45  4:43  Probe x2  
  47  4:53  Assimilator  
  47  4:55  Probe x2, Assimilator  
  49  5:05  High Templar x2  
  51  5:07  Probe  
  51  5:08  Probe  
Show
View Real Time Build Order
Export as new Build Order

pHARM Zerg - Winner!

Build Orders: Hatch First 

Get SALT Encoding   

  12  0:01  Drone  
  13  0:17  Overlord  
  13  0:21  Drone  
  14  0:35  Drone  
  14  0:36  Drone  
  14  0:39  Drone  
  17  0:55  Hatchery  
  16  1:02  Drone x2  
  18  1:15  Drone  
  19  1:23  Spawning Pool, Drone  
  19  1:38  Drone  
  20  1:46  Extractor  
  19  1:49  Drone  
  20  1:54  Overlord  
  20  2:09  Queen  
  20  2:10  Queen  
  20  2:12  Zergling x2  
  20  2:13  Drone  
  26  2:19  Drone x2  
  28  2:27  Drone  
  29  2:33  Drone  
  31  2:44  Drone x2  
  31  2:46  Queen  
  31  2:51  Lair  
  34  2:54  Drone x2  
  36  3:03  Overlord x2  
  36  3:22  Drone x4, Queen  
  36  3:23  Hatchery  
  36  3:25  Drone x2  
  43  3:27  Drone  
  43  3:29  Drone  
  45  3:51  Extractor  
  45  3:55  Drone  
  45  3:57  Queen, Nydus Network  
  45  3:59  Overlord x2  
  45  4:00  Zergling x2  
  45  4:01  Zergling x8  
  51  4:17  Queen  
  51  4:20  Zergling x2  
  51  4:21  Zergling x14  
  61  4:27  Overlord  
  61  4:44  Nydus Canal  
  61  4:48  Zergling x2  
  61  4:49  Zergling x14  
  69  4:57  Zergling x10  
Tags
 
Matchup
PvZ
Replay Pack
10.7.19
Spawn Locations
Cross Positions
Add a new tag
Caveats
  • Supply blocks, unpowered buildings, or Contaminate may cause inaccurate times.
  • Supply counts are checked every 10 seconds.